 Dungeon Crawl Stone Soup version 0.31-a0-833-gc15d34cb79 (webtiles) character file.

Game seed: 401582197591505725

632 avis the Changeling (level 7, -16/31 HPs)
             Began as a Felid Shapeshifter on Sept 26, 2023.
             Killed from afar by Maggie (26 damage)
             ... with a bolt of fire
             ... on level 6 of the Dungeon.
             The game lasted 00:21:49 (4607 turns).

avis the Changeling (Felid Shapeshifter)            Turns: 4607, Time: 00:21:51

Health: -16/31     AC:  2    Str: 12    XL:     7   Next: 24%
Magic:  8/8        EV: 25    Int: 11    God:
Gold:   343        SH:  0    Dex: 16    Spells: 6/6 levels left
                                        Lives:  0   Deaths: 2

rFire   . .          .
                       - Unarmed
rCold   . . .        (shield unavailable)
rNeg    . . .        (body armour unavailable)
rPois   .            (helmet unavailable)
rElec   .            (cloak unavailable)
rCorr   .            (gloves unavailable)
SInv    +            (boots unavailable)
Will    +....        r - amulet of the acrobat
Stlth   +            t - +5 ring of evasion
HPRegen 0.25/turn    (no ring)
MPRegen 0.11/turn

%: acrobat
@: flux-form, mesmerised, hasted, glowing, very quick
A: glow, contaminating, very small, claws 1, fangs 3, see invisible, speed 1,
shaggy fur 2, stealthy paws, no weapons or thrown items, no armour, multi-lived
a: Begin Untransformation


You were on level 6 of the Dungeon.
You were something dangerously unstable.
You visited 1 branch of the dungeon, and saw 6 of its levels.

You collected 343 gold pieces.

Inventory:

Jewellery
 r - an amulet of the acrobat (around neck)
 t - a +5 ring of evasion (left paw)
Talismans
 b - a beast talisman
 c - a flux talisman (active)
Scrolls
 d - a scroll of enchant weapon {unknown}
 g - a scroll of torment {unknown}
 i - a scroll of brand weapon {unknown}
 k - 2 scrolls of fog {unknown}
 m - a scroll of poison {unknown}
 n - a scroll of amnesia {unknown}
 o - 2 scrolls of fear {unknown}
 s - 2 scrolls of teleportation {unknown}
Potions
 a - 2 potions of lignification
 e - a potion of magic
 h - a potion of haste
 j - a potion of ambrosia
 l - a potion of curing
 p - a potion of attraction {unknown}
 q - a potion of enlightenment {unknown}
 u - a potion of might {unknown}


   Skills:
 - Level 3.0 Fighting
 * Level 5.8 Dodging
 - Level 3.0 Unarmed Combat
 - Level 7.0 Shapeshifting


You had 6 spell levels left.
You didn't know any spells.
Your spell library was empty.

Dungeon Overview and Level Annotations

Branches:
Dungeon (6/15)
 Temple: D:4-7

Altars:
Fedhas
Nemelex Xobeh
Qazlal
Trog
Uskayaw
Vehumet
Zin

Shops:
D:2 **?*

Annotations:
D:2 1 runed translucent door, exclusion: door
D:4 Ice beast
D:5 2 transporters, exclusion: oklob plant, 0gre's ghost, novice GnIE
D:6 Maggie


Innate Abilities, Weirdness & Mutations

You are something dangerously unstable.
You glow with magical radiation, making you easy to see and hit.
Foes you strike become dangerously contaminated with magical radiation.
You have sharp claws.
You have razor-sharp teeth.
You have supernaturally acute eyesight. (SInv)
You cover ground quickly. (Speed+)
You are covered in thick fur. (AC +2)
Your paws help you pounce on unaware monsters.
You are incapable of wielding weapons or throwing items.
You cannot wear armour.
You gain extra lives every three experience levels.


Message History

You barely miss the sky beast.
The sky beast is moderately wounded.
The sky beast hits you but does no damage.
You scratch the sky beast.
The sky beast begins to glow.
The sky beast is moderately wounded.
The sky beast misses you.
You cannot move away from Maggie!
You feel yourself speed up. Maggie completely misses you.
The sky beast flickers out of sight for a moment.
The sky beast completely misses you.
You scratch Maggie but do no damage.
Maggie begins to glow.
You bite Maggie, but do no damage. You scratch Maggie.
Maggie glows dangerously bright.
Maggie is lightly wounded.
Maggie misses you. The sky beast barely misses you.
You scratch Maggie but do no damage.
Maggie shudders as magic cascades through her!
Maggie twists and deforms.
Maggie is moderately wounded.
The sky beast barely misses you. Maggie completely misses you.
You closely miss Maggie. Your bite misses Maggie.
Maggie is moderately wounded.
You scratch Maggie.
Maggie begins to glow.
Maggie is moderately wounded.
Maggie barely misses you. The sky beast hits you. The sky beast shocks you.
You scratch Maggie.
Maggie glows dangerously bright.
Maggie is heavily wounded.
You scratch Maggie.
Maggie shudders as magic cascades through her!!
Maggie twists and deforms.
Maggie is almost dead.
Maggie misses you.
The sky beast hits you but does no damage.
You barely miss Maggie. You bite Maggie.
Maggie is almost dead.
The sky beast misses you. Maggie casts a spell at you.
The bolt of fire hits you!!
Ouch! That really hurt!
You die...

#..# #..# ##.###
###....## ##...##..##
##.
###..#####..#####....
###..### ##..#.......
##...## ###.........
#..### #...p@......
..## ##..Y.......
...# #.......... ..##
#.......... ..#
#.......... .##
###........ .#
#........ ##
..###.... #


You could see Maggie (mesmerising, misshapen) and a sky beast (invisible,
contam, misshapen).

Vanquished Creatures
  A black bear (D:5)
  An ogre (D:4)
  A scorpion (D:3)
  A wight (D:5)
  A howler monkey (D:5)
  A hound (D:4)
  3 jellies (D:5)
  2 iguanas
  A sleepcap (D:5)
  5 adders
  A worm (D:3)
  4 dart slugs
  An orc (D:5)
  5 bats
  4 endoplasms
  5 hobgoblins
  9 kobolds
  4 quokkas
  7 ball pythons
  A frilled lizard (D:3)
  4 goblins
  2 rats (D:1)
64 creatures vanquished.

Notes
Turn   | Place    | Note
-------+----------+-------------------------------------------
     0 | D:1      | avis the Felid Shapeshifter began the quest for the Orb.
     0 | D:1      | Reached XP level 1. HP: 9/9 MP: 2/2
   154 | D:1      | Reached XP level 2. HP: 13/13 MP: 3/3
   526 | D:2      | Found Fiqakoeph's Assorted Antiques.
   564 | D:2      | Found a faded altar of an unknown god.
   569 | D:2      | Reached XP level 3. HP: 16/16 MP: 4/4
   584 | D:1      | Reached skill level 4 in Shapeshifting
   622 | D:2      | Found Pited's Assorted Antiques.
   648 | D:2      | Found Izuxeuva's Magic Scroll Emporium.
   978 | D:2      | Identified the +3 leather armour "Pyirr" {*Slow rElec
                  | Int+4}
  1049 | D:2      | Found Gapu's Assorted Antiques.
  1153 | D:2      | Found a runed translucent door.
  1320 | D:3      | Reached XP level 4. HP: 18/19 MP: 5/5
  1553 | D:3      | Found a radiant altar of Vehumet.
  2200 | D:4      | Reached skill level 5 in Shapeshifting
  2299 | D:4      | Reached XP level 5. HP: 15/22 MP: 6/6
  2389 | D:4      | Found a bloodstained altar of Trog.
  2432 | D:3      | Reached skill level 6 in Shapeshifting
  2597 | D:4      | Found a sparkling altar of Nemelex Xobeh.
  2695 | D:4      | Noticed an ogre
  2738 | D:4      | Killed an ogre
  2739 | D:4      | Gained mutation: You are covered in thick fur. (AC +2)
                  | [Felid growth]
  2739 | D:4      | Reached XP level 6. HP: 26/26 MP: 7/7
  2947 | D:5      | Entered Level 5 of the Dungeon
  3145 | D:5      | Reached skill level 7 in Shapeshifting
  3251 | D:5      | Noticed an ice beast
  3359 | D:5      | Found a transporter.
  3398 | D:5      | Noticed 0gre's ghost (novice GnIE)
  3400 | D:5      | Found a transporter.
  3695 | D:5      | Found a stormy altar of Qazlal.
  3698 | D:5      | Found a glowing silver altar of Zin.
  3822 | D:5      | Reached XP level 7. HP: 31/31 MP: 8/8
  3953 | D:5      | Reached skill level 5 in Dodging
  4145 | D:5      | Found a blossoming altar of Fedhas.
  4156 | D:5      | Noticed an oklob plant
  4405 | D:6      | Noticed a steam dragon
  4455 | D:6      | Found a hide-covered altar of Uskayaw.
  4498 | D:5      | Slain by a bullfrog
  4567 | D:6      | Engulfed by a steam dragon's steam
  4591 | D:6      | Noticed Maggie
  4607 | D:6      | Killed from afar by Maggie

Illustrated notes

Levels and vault maps discovered:
D:1:      ncdulo_watergridlock, layout_rooms
D:2:      layout_loops_ring, serial_shops, shop, shop,
          nicolae_shop_tiny_real_fake_doors, nicolae_shop_tiny_real_fake_doors,
          basic_ecumenical_altar, uniq_crazy_yiuf_cottage
D:3:      layout_basic, amcnicky_altar_gilded, serial_bayou,
          serial_bayou_pond_c, serial_bayou_lagoon_a, serial_bayou_lake_a,
          serial_bayou_shore_a, serial_bayou_ford_a
D:4:      layout_cave_pools, nemelex_diamond_rough_becter, bloody_trog
D:5:      layout_loops_cross, chequers_temple_overflow_statue_of_worship,
          tgw_fedhas, gammafunk_ghost_hive
D:6:      layout_cave_pods, eat_drink_and_be_merry_uskayaw,
          minmay_temple_entry_wispy, uniq_maggie

Skill      XL: |  1  2  3  4  5  6  7 |
---------------+----------------------+-----
Fighting       | 2 3 |  3.0
Dodging        | 3 4 5 |  5.8
Shapeshifting  | 4 5 6 7 |  7.0
Unarmed Combat | |  3.0

Action                     |  1- 3 |  4- 6 |  7- 9 || total
---------------------------+-------+-------+-------++-------
  Melee: Unarmed           |    69 |    83 |    46 ||   198
         Bite              |     6 |     9 |     5 ||    20
    Use: Scroll            |       |     4 |       ||     4
         Potion            |       |       |     2 ||     2
   Stab: Sleeping          |       |     2 |       ||     2
 Armour: Skin              |    17 |    23 |    19 ||    59
  Dodge: Dodged            |    43 |    60 |    58 ||   161
   Form: Flux              |       |     1 |       ||     1

Table legend: (Time is in decaauts)
 A = Elapsed time spent in this place.
 B = Non-inter-level travel time spent in this place.
 C = Inter-level travel time spent in this place.
 D = Time resting spent in this place.
 E = Time spent auto-exploring this place.
 F = Levels seen in this place.
 G = Mean time per level.
                   A        B        C        D        E       F      G
               +--------+--------+--------+--------+--------+-----+--------+
         Total |   4003 |   3588 |    415 |    675 |   1905 |   6 |  667.2 |
       Dungeon |   4003 |   3588 |    415 |    675 |   1905 |   6 |  667.2 |
               +--------+--------+--------+--------+--------+-----+--------+

Top non-repeatable levels by time:
     D:5: 1301 daAuts
     D:3: 911 daAuts
     D:2: 643 daAuts
     D:4: 605 daAuts
     D:1: 494 daAuts
     D:6: 47 daAuts
